 Dungeon Crawl Stone Soup version 0.28.0-53-g5a82cb258f (webtiles) character file.

Game seed: 18343602661421699155

821 mcbry74 the Gouger (level 7, 0/28 HPs)
             Began as a Felid Transmuter on July 8, 2022.
             Slain by a hound (3 damage)
             ... on level 5 of the Dungeon.
             The game lasted 00:20:35 (7823 turns).

mcbry74 the Gouger (Felid Transmuter)               Turns: 7823, Time: 00:20:36

Health: 0/28       AC:  2    Str:  6    XL:     7   Next: 63%
Magic:  11/11      EV: 20    Int: 14    God:
Gold:   306        SH:  0    Dex: 19    Spells: 4/10 levels left
                                        Lives:  0   Deaths: 2

rFire   . . .      SeeInvis +     - Unarmed
rCold   . . .      Faith    .   (shield unavailable)
rNeg    + + .      Spirit   .   (armour unavailable)
rPois   .          Reflect  .   (helmet unavailable)
rElec   .          Harm     .   (cloak unavailable)
rCorr   .          Rampage  .   (gloves unavailable)
Will    +....                   (boots unavailable)
Stlth   ++........              (no amulet)
HPRegen 0.09/turn               l - ring of positive energy
MPRegen 0.12/turn               n - ring of positive energy

@: hasted, very quick
A: very small, claws 1, fangs 3, see invisible, speed 1, shaggy fur 2, stealthy
paws, no weapons or thrown items, no armour, multi-lived
a: no special abilities


You were on level 5 of the Dungeon.
You visited 1 branch of the dungeon, and saw 5 of its levels.

You collected 306 gold pieces.

Inventory:

Jewellery
 l - a ring of positive energy (left paw)
 n - a ring of positive energy (right paw)
Wands
 f - a wand of flame (17)
 s - a wand of acid (14)
Scrolls
 a - a scroll of noise {unknown}
 b - a scroll of enchant weapon {unknown}
 d - 2 scrolls of torment {unknown}
 e - 2 scrolls of magic mapping {unknown}
 g - a scroll of holy word {unknown}
 h - 2 scrolls of teleportation {unknown}
 k - a scroll of fog {unknown}
 m - a scroll of enchant armour {unknown}
Potions
 o - a potion of mutation {unknown}
 p - a potion of magic {unknown}
 q - a potion of lignification {unknown}
 r - a potion of berserk rage {unknown}


   Skills:
 - Level 1.0 Fighting
 + Level 5.7 Dodging
 * Level 8.8 Unarmed Combat
 - Level 2.0 Spellcasting
 + Level 4.7 Transmutations
 + Level 3.2 Poison Magic


You had 4 spell levels left.
You knew the following spells:

 Your Spells              Type           Power      Damage    Failure   Level
a - Beastly Appendage     Tmut           28%        N/A       3%          1
b - Wereblood             Tmut           14%        N/A       4%          2
c - Spider Form           Tmut/Pois      12%        N/A       14%         3

Your spell library contained the following spells:

 Spells                   Type           Power      Damage    Failure   Level
 Gell's Gravitas          Tloc           1%         N/A       56%         3
 Lesser Beckoning         Tloc           1%         N/A       56%         3
 Teleport Other           Tloc           1%         N/A       56%         3
 Ice Form                 Ice/Tmut       8%         N/A       65%         4
 Hailstorm                Conj/Ice       1%         3d3       93%         4
 Simulacrum               Ice/Necr       0%         N/A       100%        6


Dungeon Overview and Level Annotations

Branches:
Dungeon (5/15)
 Temple: D:4-7

Altars:
Gozag
Ru
Zin

Annotations:
D:4 2 transporters, Orumo's ghost, amateur DsCK
D:5 Eustachio


Innate Abilities, Weirdness & Mutations

You have sharp claws.
You have razor-sharp teeth.
You have supernaturally acute eyesight. (SInv)
You cover ground quickly. (Speed+)
You are covered in thick fur. (AC +2)
Your paws help you pounce on unaware monsters.
You are incapable of wielding weapons or throwing items.
You cannot wear armour.
You gain extra lives every three experience levels.


Message History

The howler monkey closely misses you.
The centaur unwields a +1 shortbow of flaming.
It stops flaming.
The centaur barely misses you. x2
You closely miss the centaur.
The centaur is moderately wounded.
The howler monkey hoots and howls with incredible vigour!
The centaur barely misses you. The centaur misses you.
You scratch the centaur.
The centaur is heavily wounded.
You hear a shout!
The centaur misses you. The centaur completely misses you.
The howler monkey misses you.
You scratch the centaur.
The centaur is severely wounded.
The centaur closely misses you. The centaur completely misses you.
The howler monkey barely misses you.
Eustachio the Magnificent comes into view.
He is wielding a +3 rapier of speed.
The centaur hits you. The centaur kicks you.
You scratch the centaur but do no damage.
The centaur is severely wounded.
The howler monkey completely misses you.
The centaur barely misses you. The centaur misses you.
You claw the centaur!
You kill the centaur!
The howler monkey hoots and howls with incredible vigour!
Eustachio gestures wildly while chanting.
Eustachio blinks!
The hound bites you. The hound bites you.
Eustachio hits you with a +3 rapier of speed!
* * * LOW HITPOINT WARNING * * *
The hound closely misses you. Eustachio barely misses you.
Eustachio completely misses you.
Eustachio mumbles some strange words.
The hound bites you.
* * * LOW HITPOINT WARNING * * *
It was a potion of haste.
You feel yourself speed up.
The howler monkey hoots and howls with incredible vigour!
The hound misses you.
You closely miss the hound. The hound bites you.
You die...

#####.#..##
##.######
..)...##..##
###.###..#
#########..###
#.....#..# ##†..##
#.#.###..# #†#.[#
#.._..#..#
#....#####.#.#..#
##.....[#.....#..#
###..#..#####.###..#
#...###.5h@##...<.[#
#######Jh#####.....#
#...### #.....#
#.)J..# #######
#..#.#.# #$##.#.#
... #.# # .... #.#
.... #..


You could see a howler monkey (catching breath), a hound, a jelly and an
ufetubus (summoned).

Vanquished Creatures
  Sigmund (D:4)
  A necrophage (D:5)
  2 ogres
  A centaur (D:5)
  8 scorpions
  2 bullfrog zombies (D:5)
  3 orc priests
  A hound (D:5)
  A jelly (D:5)
  2 iguanas (D:5)
  An orc wizard (D:2)
  Robin (D:2)
  3 gnolls (D:4)
  A howler monkey skeleton (D:4)
  8 adders
  A shadow imp (D:5)
  A white imp (D:5)
  An adder skeleton (D:4)
  2 worms (D:2)
  6 orcs
  4 endoplasms
  2 giant cockroaches
  15 goblins
  10 hobgoblins
  14 jackals
  3 quokkas
  7 ball pythons
  12 bats
  3 frilled lizards
  9 kobolds
  8 rats
134 creatures vanquished.

Vanquished Creatures (others)
  2 fungi (D:5)
2 creatures vanquished.

Grand Total: 136 creatures vanquished

Notes
Turn   | Place    | Note
-------+----------+-------------------------------------------
     0 | D:1      | mcbry74 the Felid Transmuter began the quest for the Orb.
     0 | D:1      | Reached XP level 1. HP: 9/9 MP: 4/4
   269 | D:1      | Reached XP level 2. HP: 12/12 MP: 4/6
   583 | D:1      | Reached skill level 4 in Unarmed Combat
   588 | D:1      | Learned a level 2 spell: Wereblood
   908 | D:1      | Reached XP level 3. HP: 15/15 MP: 5/7
  1993 | D:2      | Reached XP level 4. HP: 19/19 MP: 4/8
  1997 | D:2      | Reached skill level 5 in Unarmed Combat
  2094 | D:2      | Noticed an ogre
  2103 | D:2      | Annihilated by an ogre
  2104 | D:2      | Reached XP level 3. HP: -24/15 MP: 7/7
  2176 | D:2      | Reached XP level 4. HP: 16/19 MP: 5/8
  2637 | D:2      | Reached skill level 6 in Unarmed Combat
  2698 | D:2      | Noticed Robin
  2716 | D:2      | Killed Robin
  2723 | D:2      | Reached XP level 5. HP: 22/22 MP: 7/9
  3023 | D:2      | Killed an ogre
  3189 | D:2      | Learned a level 3 spell: Spider Form
  3273 | D:2      | Found a faded altar of an unknown god.
  3541 | D:3      | Gained mutation: You are covered in thick fur. (AC +2)
                  | [Felid growth]
  3541 | D:3      | Reached XP level 6. HP: 20/25 MP: 10/10
  3823 | D:3      | Found a sacrificial altar of Ru.
  4139 | D:4      | Noticed Sigmund
  4171 | D:4      | Killed Sigmund
  4172 | D:4      | Reached skill level 7 in Unarmed Combat
  4172 | D:4      | Reached skill level 1 in Poison Magic
  4595 | D:4      | Found a transporter.
  4599 | D:4      | Noticed Orumo's ghost (amateur DsCK)
  4695 | D:4      | Reached XP level 7. HP: 28/28 MP: 9/11
  5084 | D:4      | Found a glowing silver altar of Zin.
  6241 | D:4      | Found a transporter.
  6616 | D:5      | Entered Level 5 of the Dungeon
  6709 | D:5      | Reached skill level 8 in Unarmed Combat
  7011 | D:5      | Reached XP level 8. HP: 26/32 MP: 10/12
  7016 | D:5      | Reached skill level 5 in Dodging
  7517 | D:5      | Found an opulent altar of Gozag.
  7611 | D:5      | HP: 1/32 [scorpion (3)]
  7613 | D:5      | Succumbed to a scorpion's poison
  7614 | D:5      | Reached XP level 7. HP: 0/28 MP: 11/11
  7814 | D:5      | Noticed Eustachio
  7823 | D:5      | Slain by a hound

Illustrated notes

Levels and vault maps discovered:
D:1:      dpeg_arrival_subterranean_lakeside_camping, layout_basic,
          minmay_quantized
D:2:      wad_river_or_something, layout_loops_ring,
          nicolae_ecumenical_lake_church, uniq_robin
D:3:      layout_loops_ring, nicolae_ru_the_path_less_chosen, hex_medium,
          item_on_display_a
D:4:      layout_basic, zin_scriptorium, gammafunk_ghost_arena, uniq_sigmund
D:5:      layout_rooms, nicolae_gozag_cash_rules_everything_around_me,
          uniq_crazy_yiuf_cottage, uniq_eustachio

Skill      XL: |  1  2  3  4  5  6  7  8 |
---------------+-------------------------+-----
Unarmed Combat | 4 6 7 8 |  8.8
Dodging        | 3 4 5 |  5.7
Poison Magic   | 1 2 3 |  3.2
Transmutations | 3 4 |  4.7
Fighting       | |  1.0
Spellcasting   | |  2.0

Action                   |  1- 3 |  4- 6 |  7- 9 || total
-------------------------+-------+-------+-------++-------
Melee: Unarmed           |   121 |   147 |   121 ||   389
       Headbutt          |    14 |    14 |    22 ||    50
       Bite              |    10 |    13 |    16 ||    39
       Punch             |     3 |     8 |     4 ||    15
 Cast: Beastly Appendage |    18 |    16 |    22 ||    56
       Wereblood         |     5 |     3 |       ||     8
  Use: Potion            |       |       |     5 ||     5
 Stab: Sleeping          |     2 |     2 |     3 ||     7
Armor: Skin              |     7 |     7 |     1 ||    15
Dodge: Dodged            |    79 |    91 |    89 ||   259
